FCL
FCL NEW YORK (N) METS @ FCL LOS ANGELES (A) ANGELS
04/25/2042
 
TOP OF THE 1ST
FCL New York (N) Mets batting - Pitching for FCL Los Angeles (A) Angels : LHP Anastasio Cruz
Pitching: LHP Anastasio Cruz
Batting: RHB Jim Unknown 0-0: Fly out, F8 (Flyball, 78XD, EV 84.4 MPH)
Batting: RHB Jim Unknown 0-0: Called Strike
0-1: Foul Ball, location: 3FF
0-2: Ball
1-2: Strikes out swinging
Batting: LHB Jim Unknown 0-0: Foul Ball, location: 9LSF
0-1: Called Strike
0-2: Ball
1-2: Ball
2-2: Strikes out swinging
Top of the 1st over - 0 runs, 0 hits, 0 errors, 0 left on base; FCL New York (N) 0 - FCL Los Angeles (A) 0
BOTTOM OF THE 1ST
FCL Los Angeles (A) Angels batting - Pitching for FCL New York (N) Mets : LHP Jim Unknown
Pitching: LHP Jim Unknown
Batting: RHB José Cintrón 0-0: Called Strike
0-1: Ball
1-1: Called Strike
1-2: Ball
2-2: Strikes out swinging
Batting: LHB Darrell O'Bryan 0-0: Called Strike
0-1: SINGLE (Line Drive, 8RS, EV 91.9 MPH)
Batting: RHB Chris Walker 0-0: Ball
1-0: Foul Ball, location: 2F
1-1: Ball
2-1: Called Strike
2-2: Strikes out looking
Batting: RHB Chris Hughes 0-0: Called Strike
0-1: Swinging Strike
0-2: Foul Ball, location: 9LDF
0-2: Strikes out swinging
Bottom of the 1st over - 0 runs, 1 hit, 0 errors, 1 left on base; FCL New York (N) 0 - FCL Los Angeles (A) 0
TOP OF THE 2ND
FCL New York (N) Mets batting - Pitching for FCL Los Angeles (A) Angels : LHP Anastasio Cruz
Batting: RHB Jim Unknown 0-0: Foul Ball, location: 3SF
0-1: Fly out, F8 (Flyball, 8LD, EV 97.5 MPH)
Batting: RHB Jim Unknown 0-0: Fly out, F9 (Flyball, 89M, EV 94.4 MPH)
Batting: RHB Jim Unknown 0-0: Called Strike
0-1: Called Strike
0-2: Strikes out swinging
Top of the 2nd over - 0 runs, 0 hits, 0 errors, 0 left on base; FCL New York (N) 0 - FCL Los Angeles (A) 0
BOTTOM OF THE 2ND
FCL Los Angeles (A) Angels batting - Pitching for FCL New York (N) Mets : LHP Jim Unknown
Batting: LHB Eric Henderson 0-0: DOUBLE (Flyball, 8LXD, EV 108.8 MPH)
Batting: RHB Jeff Schneider 0-0: Bunted foul
0-1: Ball
1-1: Sac Bunt to 13S - play at first, batter OUT! 1-4
Eric Henderson to third
Batting: RHB Kevin Higgins 0-0: SINGLE (Line Drive, 7S, EV 94.4 MPH)
Eric Henderson scores
Batting: SHB Johnny Hall 0-0: Ball
1-0: Swinging Strike
1-1: Ball
2-1: Ball
Kevin Higgins steals 2nd base
3-1: Base on Balls
Batting: RHB Quentin Baker 0-0: DOUBLE (Flyball, 8RXD, EV 97.5 MPH)
Kevin Higgins scores
Johnny Hall to third
Runner from 3rd tries for Home, SAFE, no throw by CF
Batting: RHB José Cintrón 0-0: Ball
Balk!
Quentin Baker to third
1-0: Ball
2-0: Called Strike
2-1: Single, Error in OF, E8, batter to second base (Groundball, 6MD, EV 107.5 MPH)
Quentin Baker scores
Batting: LHB Darrell O'Bryan 0-0: Ball
1-0: Fly out, F8 (Line Drive, 8LD, EV 91.3 MPH)
Batting: RHB Chris Walker 0-0: Ball
1-0: Ball
2-0: Swinging Strike
2-1: Foul Ball, location: 2F
2-2: Ball
3-2: SINGLE (Groundball, 4MD, EV 106.9 MPH)
José Cintrón to third
Throwing error, E8
José Cintrón scores
Chris Walker to second
Batting: RHB Chris Hughes 0-0: Ball
1-0: Ball
2-0: Ball
3-0: Called Strike
3-1: Called Strike
3-2: Base on Balls
Batting: LHB Eric Henderson 0-0: Ground out 4-3 (Groundball, 4M, EV 100.0 MPH)
Bottom of the 2nd over - 5 runs, 5 hits, 2 errors, 2 left on base; FCL New York (N) 0 - FCL Los Angeles (A) 5
TOP OF THE 3RD
FCL New York (N) Mets batting - Pitching for FCL Los Angeles (A) Angels : LHP Anastasio Cruz
Batting: RHB Jim Unknown 0-0: Swinging Strike
0-1: Ball
1-1: Called Strike
1-2: Strikes out swinging
Batting: RHB Jim Unknown 0-0: Ball
1-0: Ball
2-0: Foul Ball, location: 9LDF
2-1: Foul Ball, location: 5SF
2-2: Fly out, F6 (Popup, P, EV 84.4 MPH)
Batting: LHB Jim Unknown 0-0: Called Strike
0-1: Ball
1-1: Called Strike
1-2: Strikes out swinging
Top of the 3rd over - 0 runs, 0 hits, 0 errors, 0 left on base; FCL New York (N) 0 - FCL Los Angeles (A) 5
BOTTOM OF THE 3RD
FCL Los Angeles (A) Angels batting - Pitching for FCL New York (N) Mets : LHP Jim Unknown
Batting: RHB Jeff Schneider 0-0: Ball
1-0: Ball
2-0: SINGLE (Line Drive, 6MD, EV 98.8 MPH)
Batting: RHB Kevin Higgins 0-0: Called Strike
0-1: Foul Ball, location: 2F
0-2: Fly out, F8 (Flyball, 8RD, EV 95.6 MPH)
Runner from 1st tags up, OUT at 2nd! 8-6
Batting: SHB Johnny Hall 0-0: Ball
1-0: Foul Ball, location: 9LDF
1-1: Ball
2-1: Foul Ball, location: 2F
2-2: Ball
3-2: Foul Ball, location: 2LF
3-2: Strikes out swinging
Bottom of the 3rd over - 0 runs, 1 hit, 0 errors, 0 left on base; FCL New York (N) 0 - FCL Los Angeles (A) 5
TOP OF THE 4TH
FCL New York (N) Mets batting - Pitching for FCL Los Angeles (A) Angels : LHP Anastasio Cruz
Batting: RHB Jim Unknown 0-0: Ball
1-0: SINGLE (Line Drive, 9LS, EV 105.0 MPH)
Batting: RHB Jim Unknown 0-0: Called Strike
0-1: Ball
Jim Unknown is caught stealing 2nd base 2-4
1-1: Ball
2-1: Ball
3-1: Base on Balls
Batting: LHB Jim Unknown 0-0: Fielders Choice at 2nd, 3-6 (Groundball, 3, EV 78.8 MPH)
Batting: RHB Jim Unknown 0-0: Ball
Jim Unknown is caught stealing 2nd base 2-4
Top of the 4th over - 0 runs, 1 hit, 0 errors, 0 left on base; FCL New York (N) 0 - FCL Los Angeles (A) 5
BOTTOM OF THE 4TH
FCL Los Angeles (A) Angels batting - Pitching for FCL New York (N) Mets : LHP Jim Unknown
Batting: RHB Quentin Baker 0-0: Ball
1-0: Ball
2-0: Reached on error, E6 (Groundball, 6, EV 81.9 MPH)
Batting: RHB José Cintrón 0-0: Ground out 5-3 (Groundball, 56S, EV 83.8 MPH)
Batting: LHB Darrell O'Bryan 0-0: Ball
1-0: Ball
2-0: Called Strike
2-1: Foul Ball, location: 2F
2-2: Ball
3-2: Foul Ball, location: 2LF
3-2: Strikes out swinging
Batting: RHB Chris Walker 0-0: Ball
1-0: Swinging Strike
1-1: Swinging Strike
1-2: Ball
2-2: Foul Ball, location: 7LSF
2-2: Strikes out swinging
Bottom of the 4th over - 0 runs, 0 hits, 1 error, 1 left on base; FCL New York (N) 0 - FCL Los Angeles (A) 5
TOP OF THE 5TH
FCL New York (N) Mets batting - Pitching for FCL Los Angeles (A) Angels : LHP Anastasio Cruz
Batting: RHB Jim Unknown 0-0: Called Strike
0-1: Swinging Strike
0-2: Ball
1-2: SINGLE (Groundball, 4MD, EV 93.8 MPH)
Batting: RHB Jim Unknown 0-0: Ball
1-0: Foul Ball, location: 2F
1-1: Fly out, F4 (Popup, 4, EV 65.0 MPH)
Batting: RHB Jim Unknown 0-0: Called Strike
0-1: Ball
1-1: Ball
2-1: Fly out, F6 (Popup, 4S, EV 72.5 MPH)
Batting: RHB Jim Unknown 0-0: Ball
1-0: Ball
2-0: Foul Ball, location: 9LSF
2-1: Hit by Pitch
Jim Unknown to second
Batting: RHB Jim Unknown 0-0: Ball
1-0: SINGLE (Groundball, 6MD, EV 97.5 MPH)
Jim Unknown to third
Jim Unknown to second
Runner from 3rd tries for Home, throw by CF and OUT! 8-2
Top of the 5th over - 0 runs, 2 hits, 0 errors, 2 left on base; FCL New York (N) 0 - FCL Los Angeles (A) 5
BOTTOM OF THE 5TH
FCL Los Angeles (A) Angels batting - Pitching for FCL New York (N) Mets : LHP Jim Unknown
Batting: RHB Chris Hughes 0-0: Called Strike
0-1: Called Strike
0-2: Ball
1-2: Reached on error, E6 (Groundball, 6, EV 105.0 MPH)
Batting: LHB Eric Henderson 0-0: Swinging Strike
0-1: Grounds into double play, 6-4-3 (Groundball, 6, EV 81.9 MPH)
Batting: RHB Jeff Schneider 0-0: Called Strike
0-1: Foul Ball, location: 2F
0-2: Strikes out swinging
Bottom of the 5th over - 0 runs, 0 hits, 1 error, 0 left on base; FCL New York (N) 0 - FCL Los Angeles (A) 5
TOP OF THE 6TH
FCL New York (N) Mets batting - Pitching for FCL Los Angeles (A) Angels : LHP Anastasio Cruz
Batting: LHB Jim Unknown 0-0: Ball
1-0: Called Strike
1-1: Foul Ball, location: 2F
1-2: Ball
2-2: Ball
3-2: Base on Balls
Batting: RHB Jim Unknown 0-0: Foul Ball, location: 2F
0-1: Ball
1-1: Ball
2-1: Swinging Strike
2-2: Strikes out looking
Batting: RHB Jim Unknown 0-0: Called Strike
0-1: Ball
1-1: Ball
2-1: Ball
3-1: Base on Balls
Jim Unknown to second
Batting: LHB Jim Unknown 0-0: Ball
1-0: Called Strike
1-1: Ball
2-1: Fielders Choice at 2nd, 1-6 (Groundball, P, EV 65.0 MPH)
Jim Unknown to third
Batting: RHB Jim Unknown 0-0: Foul Ball, location: 5F
0-1: Ball
1-1: Ball
2-1: Ball
3-1: Base on Balls
Jim Unknown to second
Batting: RHB Jim Unknown 0-0: SINGLE (Groundball, P, EV 86.9 MPH) (infield hit)
Jim Unknown scores
Jim Unknown to third
Jim Unknown to second
Batting: RHB Jim Unknown 0-0: Ball
1-0: Foul Ball, location: 2F
1-1: Swinging Strike
1-2: Foul Ball, location: 3FF
1-2: Foul Ball, location: 5F
1-2: Ball
2-2: Strikes out swinging
Top of the 6th over - 1 run, 1 hit, 0 errors, 3 left on base; FCL New York (N) 1 - FCL Los Angeles (A) 5
BOTTOM OF THE 6TH
FCL Los Angeles (A) Angels batting - Pitching for FCL New York (N) Mets : LHP Jim Unknown
Pitching: LHP Jim Unknown
Batting: RHB Kevin Higgins 0-0: Foul Ball, location: 9LMF
0-1: Ball
1-1: Called Strike
1-2: Ball
2-2: Fly out, F9 (Flyball, 9LM, EV 100.6 MPH)
Batting: SHB Johnny Hall 0-0: Foul Ball, location: 2F
0-1: Hit by Pitch
Batting: RHB Quentin Baker 0-0: Ball
1-0: Foul Ball, location: 2F
1-1: Foul Ball, location: 5DF
1-2: Strikes out swinging
Johnny Hall is caught stealing 2nd base 2-4
Batter strikes out.
Bottom of the 6th over - 0 runs, 0 hits, 0 errors, 0 left on base; FCL New York (N) 1 - FCL Los Angeles (A) 5
TOP OF THE 7TH
FCL New York (N) Mets batting - Pitching for FCL Los Angeles (A) Angels : LHP Anastasio Cruz
Batting: RHB Jim Unknown 0-0: Called Strike
0-1: SINGLE (Groundball, 4MD, EV 98.1 MPH)
Batting: RHB Jim Unknown 0-0: Called Strike
0-1: Ball
1-1: Foul Ball, location: 25F
1-2: Fly out, F8 (Flyball, 78S, EV 93.8 MPH)
Batting: LHB Jim Unknown 0-0: Ball
1-0: Ball
2-0: Swinging Strike
2-1: Ball
3-1: Called Strike
3-2: Strikes out swinging
Pitching: LHP Darren Mayfield
Batting: RHB Jim Unknown 0-0: Fly out, F4 (Flyball, 4MD, EV 93.1 MPH)
Top of the 7th over - 0 runs, 1 hit, 0 errors, 1 left on base; FCL New York (N) 1 - FCL Los Angeles (A) 5
BOTTOM OF THE 7TH
FCL Los Angeles (A) Angels batting - Pitching for FCL New York (N) Mets : LHP Jim Unknown
Batting: RHB José Cintrón 0-0: Ball
1-0: Swinging Strike
1-1: Called Strike
1-2: Strikes out swinging
Batting: LHB Darrell O'Bryan 0-0: Called Strike
0-1: Ground out 4-3 (Groundball, 4, EV 68.8 MPH)
Batting: RHB Chris Walker 0-0: Ball
1-0: Foul Ball, location: 23FF
1-1: Ball
2-1: Ball
3-1: Swinging Strike
3-2: Strikes out swinging
Bottom of the 7th over - 0 runs, 0 hits, 0 errors, 0 left on base; FCL New York (N) 1 - FCL Los Angeles (A) 5
TOP OF THE 8TH
FCL New York (N) Mets batting - Pitching for FCL Los Angeles (A) Angels : LHP Darren Mayfield
Batting: RHB Jim Unknown 0-0: Called Strike
0-1: Ball
1-1: Called Strike
1-2: Foul Ball, location: 9LDF
1-2: Ball
2-2: Strikes out swinging
Pinch Hitting: RHB Jim Unknown 0-0: Called Strike
0-1: Ball
1-1: Ball
2-1: Fly out, F7 (Flyball, 7, EV 98.1 MPH)
Batting: RHB Jim Unknown 0-0: Ball
1-0: Ball
2-0: Called Strike
2-1: Ball
3-1: Called Strike
3-2: Strikes out swinging
Top of the 8th over - 0 runs, 0 hits, 0 errors, 0 left on base; FCL New York (N) 1 - FCL Los Angeles (A) 5
BOTTOM OF THE 8TH
FCL Los Angeles (A) Angels batting - Pitching for FCL New York (N) Mets : LHP Jim Unknown
Now in CF: Jim Unknown
Batting: RHB Chris Hughes 0-0: Ball
1-0: TRIPLE (Flyball, 78XD, EV 93.1 MPH)
Batting: LHB Eric Henderson 0-0: Ball
1-0: Ball
2-0: Ball
3-0: Called Strike
3-1: Swinging Strike
3-2: Foul Ball, location: 5F
3-2: SINGLE (Line Drive, 9S, EV 109.4 MPH)
Chris Hughes scores
Batting: RHB Jeff Schneider 0-0: Called Strike
0-1: Ball
1-1: Ball
2-1: Ball
3-1: Foul Ball, location: 9LDF
3-2: Fly out, F3 (Popup, 34S, EV 83.8 MPH)
Batting: RHB Kevin Higgins 0-0: Ball
1-0: Swinging Strike
1-1: Fielders Choice at 2nd, 4-6 (Groundball, 34, EV 93.1 MPH)
Batting: SHB Johnny Hall 0-0: Swinging Strike
0-1: Called Strike
0-2: Strikes out swinging
Bottom of the 8th over - 1 run, 2 hits, 0 errors, 1 left on base; FCL New York (N) 1 - FCL Los Angeles (A) 6
TOP OF THE 9TH
FCL New York (N) Mets batting - Pitching for FCL Los Angeles (A) Angels : LHP Darren Mayfield
Batting: RHB Jim Unknown 0-0: Foul Ball, location: 7LSF
0-1: Called Strike
0-2: Ground out 6-3 (Groundball, 6, EV 90.6 MPH)
Pinch Hitting: LHB Jim Unknown 0-0: Called Strike
0-1: Foul Ball, location: 7LMF
0-2: Strikes out looking
Batting: RHB Jim Unknown 0-0: Ball
1-0: Foul Ball, location: 5F
1-1: Ball
2-1: Foul Ball, location: 7LSF
2-2: Strikes out swinging
Top of the 9th over - 0 runs, 0 hits, 0 errors, 0 left on base; FCL New York (N) 1 - FCL Los Angeles (A) 6
Friday, May 3rd , 2024 - OOTP Baseball 24.10 Build 82